 Dungeon Sprint DCSS version 0.32-a0-42-ga30500b4d3 (webtiles) character file.

Game seed: 18060993569138969380

389 rocky1 the Grappler (level 6, -3/63 HPs)
             Began as a Troll Shapeshifter on Jan 27, 2024.
             Was an Initiate of Gozag.
             Slain by a snapping turtle (32 damage)
             ... in the Dungeon (Sprint VII: "The Pits").
             The game lasted 00:01:15 (193 turns).

rocky1 the Grappler (Troll Shapeshifter)             Turns: 193, Time: 00:01:16

Health: -3/63      AC:  4    Str: 23    XL:     6   Next: 49%
Magic:  5/5        EV: 11    Int:  6    God:    Gozag
Gold:   963        SH:  0    Dex: 11    Spells: 5/5 levels left

rFire   . .          .
                       - Unarmed
rCold   . . .        (no shield)
rNeg    . . .        a - +0 animal skin
rPois   .            (helmet currently unavailable)
rElec   .            (cloak currently unavailable)
rCorr   .            (gloves unavailable)
SInv    .            (boots unavailable)
Will    .....        (no amulet)
Stlth   +            (no ring)
HPRegen 1.10/turn    (no ring)
MPRegen 0.09/turn

%: no teleportation
@: beast-form
A: beast (slay +4), large, unfitting armour, claws 3, regeneration 1, shaggy fur
1, tough skin 1
a: Begin Untransformation, Renounce Religion, Potion Petition, Call Merchant,
Bribe Branch


You were in the Dungeon.
You worshipped Gozag.
Gozag was pleased with you.
You were a hulking beast.
You visited 1 branch You collected 963 gold pieces.

Inventory:

Armour
 a - a +0 animal skin (worn)
Talismans
 c - a beast talisman
 d - a flux talisman
Scrolls
 j - a scroll of blinking
 l - 2 scrolls of vulnerability
 m - 5 scrolls of amnesia
 n - a scroll of butterflies
Potions
 b - a potion of lignification
 e - a potion of curing
 f - a potion of heal wounds
 g - a potion of haste
 h - 4 potions of magic
 i - 3 potions of berserk rage
 k - 2 potions of invisibility


   Skills:
 + Level 4.5 Fighting
 + Level 5.0 Dodging
 * Level 9.4 Unarmed Combat
 + Level 7.4 Shapeshifting


You had 5 spell levels left.
You didn't know any spells.
Your spell library was empty.

Dungeon Overview and Level Annotations

Branches:
Dungeon (1/1)

Altars:
Ashenzari
Cheibriados
Dithmenos
Elyvilon
Fedhas
Gozag
Hepliaklqana
Kikubaaqudgha
Makhleb
Nemelex Xobeh
Okawaru
Qazlal
Ru
Sif Muna
Trog
Uskayaw
Vehumet
Wu Jian
Xom
Yredelemnul
Zin
The Shining One
Jiyva
Lugonu


Innate Abilities, Weirdness & Mutations

You are a hulking beast.
Your limbs bulge with bestial killing power. (Slay +4)
You are too large for most types of armour.
You have claws for hands.
Your natural rate of healing is unusually fast.
You are covered in fur. (AC +1)
You have tough skin. (AC +1)


Message History

You now have 711 gold pieces (gained 54).
You now have 774 gold pieces (gained 63).
You now have enough gold to fund merchants seeking to open stores in the dungeon.
You now have 837 gold pieces (gained 63).
A giant cockroach comes into view.
The giant cockroach bites you but does no damage.
The giant cockroach waves its antennae.
You scratch the giant cockroach but do no damage.
The giant cockroach misses you.
You claw the giant cockroach!
You kill the giant cockroach!
You now have 909 gold pieces (gained 72).
You open the door.
A giant cockroach comes into view.
You claw the giant cockroach!
You kill the giant cockroach!
You now have 963 gold pieces (gained 54).
There is an open door here.
You open the door.
A snapping turtle comes into view.
The snapping turtle hisses angrily.
The snapping turtle barely misses you. The snapping turtle closely misses you.
There is an open door here.
You scratch the snapping turtle but do no damage.
You claw the snapping turtle!
You claw the snapping turtle, but do no damage.
The snapping turtle is moderately wounded.
The snapping turtle bites you!
You claw the snapping turtle!
The snapping turtle is heavily wounded.
You scratch the snapping turtle but do no damage.
The snapping turtle is heavily wounded.
The snapping turtle bites you!!
You mangle the snapping turtle!!
The snapping turtle is almost dead.
The snapping turtle bites you!!
Ouch! That really hurt!
You die...
Your body crumbles into a pile of gold.

#.#..+
#.......#
#.#..#
#.......#
#'#######
#.......#
#.......#
#########
#..###..#
#..)....#
##.###.##+#
#.......#t+
#..###..#h#
#.......'.#
###########


You could see a snapping turtle.

Vanquished Creatures
  A glass eye (D)
  A centaur (D)
  A phantom (D)
  A jelly (D)
  An adder (D)
  A river rat (D)
  An adder zombie (D)
  An orc (D)
  2 giant cockroaches (D)
  A goblin (D)
  2 hobgoblins (D)
  A frilled lizard (D)
  A kobold (D)
  A rat (D)
16 creatures vanquished.

Notes
Turn   | Place    | Note
-------+----------+-------------------------------------------
     0 | D        | rocky1 the Troll Shapeshifter began the quest for the Orb.
     0 | D        | Reached XP level 1. HP: 18/18 MP: 0/0
    11 | D        | Noticed a glass eye
    17 | D        | Killed a glass eye
    18 | D        | Reached skill level 6 in Unarmed Combat
    18 | D        | Reached skill level 5 in Shapeshifting
    18 | D        | Reached XP level 2. HP: 33/33 MP: 1/1
    18 | D        | Reached XP level 3. HP: 40/40 MP: 2/2
    18 | D        | Reached XP level 4. HP: 49/49 MP: 3/3
    18 | D        | Reached XP level 5. HP: 55/55 MP: 4/4
    44 | D        | Found a bloodstained altar of Trog.
    44 | D        | Found a shimmering blue altar of Sif Muna.
    44 | D        | Found a viscous altar of Jiyva.
    44 | D        | Found a hazy altar of Hepliaklqana.
    44 | D        | Found an opulent altar of Gozag.
    45 | D        | Found a glowing golden altar of the Shining One.
    45 | D        | Found a glowing silver altar of Zin.
    45 | D        | Found a basalt altar of Yredelemnul.
    45 | D        | Found a shimmering altar of Xom.
    45 | D        | Found an ornate altar of the Wu Jian Council.
    45 | D        | Found a sacrificial altar of Ru.
    45 | D        | Found a stormy altar of Qazlal.
    45 | D        | Found an iron altar of Okawaru.
    45 | D        | Found a sparkling altar of Nemelex Xobeh.
    45 | D        | Found a burning altar of Makhleb.
    45 | D        | Found a blossoming altar of Fedhas.
    45 | D        | Found a white marble altar of Elyvilon.
    45 | D        | Found a shadowy altar of Dithmenos.
    45 | D        | Found a snail-covered altar of Cheibriados.
    48 | D        | Found a corrupted altar of Lugonu.
    48 | D        | Found a radiant altar of Vehumet.
    49 | D        | Found an ancient bone altar of Kikubaaqudgha.
    49 | D        | Found a hide-covered altar of Uskayaw.
    49 | D        | Found a broken altar of Ashenzari.
    52 | D        | Became a worshipper of Gozag Ym Sagoz the Greedy
   133 | D        | Noticed a centaur
   135 | D        | Reached skill level 7 in Unarmed Combat
   138 | D        | Killed a centaur
   139 | D        | Reached skill level 8 in Unarmed Combat
   139 | D        | Reached XP level 6. HP: 47/63 MP: 5/5
   155 | D        | Reached skill level 5 in Dodging
   155 | D        | Reached skill level 9 in Unarmed Combat
   187 | D        | Noticed a snapping turtle
   193 | D        | Slain by a snapping turtle

Illustrated notes

Levels and vault maps discovered:
D:        pitsprint [storerooms_1, entrance_room_1, metal_vault_5, armoury_2,
          mini_pit_1, grid_room_1, main_hall_1, silver_pit, the_coven_1,
          the_vestibule_1, steel_vault_3, golden_pit, hallway_of_sentries,
          crystal_vault_5, iron_vault_5, final_vault]

Skill      XL: |  1  2  3  4  5  6 |
---------------+-------------------+-----
Fighting       | 4 |  4.5
Dodging        | 4 5 |  5.0
Unarmed Combat | 6 8 9 |  9.4
Shapeshifting  | 5 6 7 |  7.4

Action                     |  1- 3 |  4- 6 || total
---------------------------+-------+-------++-------
  Melee: Unarmed           |     5 |    33 ||    38
         Punch             |       |     1 ||     1
 Armour: Animal skin       |       |    21 ||    21
  Dodge: Dodged            |       |    16 ||    16

Table legend: (Time is in decaauts)
 A = Elapsed time spent in this place.
 B = Non-inter-level travel time spent in this place.
 C = Inter-level travel time spent in this place.
 D = Time resting spent in this place.
 E = Time spent auto-exploring this place.
 F = Levels seen in this place.
 G = Mean time per level.
                   A        B        C        D        E       F      G
               +--------+--------+--------+--------+--------+-----+--------+
         Total |    188 |    175 |     13 |      0 |      0 |   1 |  188.0 |
       Dungeon |    188 |    175 |     13 |      0 |      0 |   1 |  188.0 |
               +--------+--------+--------+--------+--------+-----+--------+

Top non-repeatable levels by time:
       D: 188 daAuts
